 Dungeon Crawl Stone Soup version 0.14-a0-1707-g75daffb (webtiles) character file.

78 Psiweapon the Insei (level 3, -4/23 HPs)
             Began as an Octopode Transmuter on Dec 31, 2013.
             Slain by an orc
             ... wielding a -1,+1 orcish mace
              (8 damage)
             ... on Level 3 of the Dungeon.
             The game lasted 00:02:58 (1250 turns).

Psiweapon the Insei (Octopode Transmuter)           Turns: 1250, Time: 00:02:58

HP  -4/23        AC  1     Str 10      XL: 3   Next: 22%
MP   6/6         EV 12     Int 15      God:
Gold 47          SH  0     Dex 12      Spells:  1 memorised,  5 levels left

rFire  . . .     SeeInvis .       - Unarmed
rCold  . . .     Clarity  .     (no shield)
rNeg   . . .     Conserve .     (helmet restricted)
rPois  .         rCorr    .     (no amulet)
rElec  .         rRot     .     h - ring of sustenance {unknown}
SustAb . .       Spirit   .     (no ring)
rMut   .         Warding  .     (no ring)
Saprov . . .     Stasis   .     (no ring)
                                (no ring)
                                (no ring)
                                (no ring)
                                (no ring)

@: appendage (expiring), not resistant to hostile enchantments, stealthy
A: almost no armour, amphibious, 8 rings, constrict 8, spike 3, camouflage 1,
gelatinous body 1
a: End Transformation


You were on level 3 of the Dungeon.
You were hungry.
One of your tentacles had a temporary spike.
You visited 1 branch of the dungeon, and saw 3 of its levels.

You collected 47 gold pieces.

Inventory:

Missiles
 b - 12 arrows
Comestibles
 a - a bread ration
 g - an apple
Scrolls
 c - 2 scrolls of remove curse {unknown}
 e - a scroll of fear {unknown}
 f - a scroll of fog {unknown}
 i - 2 scrolls of teleportation {unknown}
 j - 2 scrolls of magic mapping {unknown}
 m - a scroll of curse armour {unknown}
 n - a scroll of noise {unknown}
 o - a scroll of random uselessness {unknown}
 r - a scroll of blinking {unknown}
 s - a scroll of curse weapon {unknown}
Jewellery
 h - a ring of sustenance (left tentacle) {unknown}
 t - an uncursed ring of sustenance {unknown}
Potions
 k - a potion of flight {unknown}
 l - a potion of might {unknown}
 p - a potion of magic {unknown}
 q - a potion of heal wounds {unknown}
Books
 d - a book of Changes

   Spells                             Type                      Level
   *Beastly Appendage                 Transmutation                1
   Sticks to Snakes                   Transmutation                2
   Spider Form                        Transmutation/Poison         3
   Ice Form                           Ice/Transmutation            4
   Blade Hands                        Transmutation                5


   Skills:
 - Level 1.0 Fighting
 + Level 2.1 Dodging
 + Level 2.3 Stealth
 + Level 3.4 Unarmed Combat
 - Level 2.0 Spellcasting
 + Level 2.4 Transmutations


You had 5 spell levels left.
You knew the following spells:

 Your Spells              Type           Power        Failure   Level  Hunger
a - Beastly Appendage     Trmt           #.....       12%         1    #......


Dungeon Overview and Level Annotations

Branches:
Dungeon (3/16)

Altars:
Vehumet


Innate Abilities, Weirdness & Mutations

You cannot wear most types of armour.
You are amphibious.
You can wear up to eight rings at the same time.
You can use your tentacles to constrict many enemies at once.
Your skin changes colour to match your surroundings (Stlth).
Your rubbery body absorbs attacks (AC +1).
One of your tentacles bears a large vicious spike.


Message History

Your transformation is almost over.
You constrict the orc.
The orc hits you with a glowing orcish dagger.
You hit the orc but do no damage. You squeeze the orc.
You kill the orc!
You closely miss the orc. Your grab misses the orc.
You pierce the orc.
Your tentacle-slap misses the orc.
The orc is heavily wounded.
The orc hits you with an orcish hand axe.
You closely miss the orc. Your grab misses the orc.
You squeeze the orc, but do no damage.
The orc is heavily wounded.
The orc hits you with an orcish hand axe!
* * * LOW HITPOINT WARNING * * *
An orc wizard comes into view. It is wielding an orcish dagger.
You hit the orc.
You kill the orc!
There is a stone staircase leading up here.
The orc hits you with an orcish mace!
You die...

.# #. .#
#!#. ##.#
#.#.# #.#.#
#.#.#.#
#.#.#.#.#.#
#.#.#o#.#
#.@.#.#
#.#o#)#
#.#.#.#.#
#.#.#.#.#.#
##.#.#
#.#.# #.#.#
#.#. ....)
## ###


You could see an orc wizard and an orc.

Vanquished Creatures
  2 giant geckos (D:1)
  2 orcs (D:3)
  A giant cockroach (D:1)
  5 hobgoblins (D:1)
  7 bats
  2 goblins
  3 kobolds (D:1)
  3 rats (D:1)
25 creatures vanquished.

Notes
Turn   | Place    | Note
--------------------------------------------------------------
     0 | D:1      | Psiweapon, the Octopode Transmuter, began the quest for the Orb.
     0 | D:1      | Reached XP level 1. HP: 13/13 MP: 3/3
   113 | D:1      | Found a radiant altar of Vehumet.
   215 | D:1      | Reached skill level 1 in Stealth
   215 | D:1      | Reached XP level 2. HP: 12/18 MP: 2/4
   773 | D:1      | Reached XP level 3. HP: 23/23 MP: 4/6
  1250 | D:3      | Slain by an orc

Action                   || total
-------------------------++-------
Melee: Unarmed           ||    59
 Cast: Beastly Appendage ||    10
